 Dungeon Crawl Stone Soup version 0.31-a0-83-gbff143cfd1 (webtiles) character file.

Game seed: 120464187778115251

12704 Maxmaps the Frost Mage (level 11, -2/106 HPs)
             Began as a White Draconian Transmuter on May 25, 2023.
             Was a Believer of the Shining One.
             Slain by a yak (10 damage)
             ... on level 11 of the Dungeon.
             The game lasted 00:18:27 (9896 turns).

Maxmaps the Frost Mage (White Draconian Transmuter) Turns: 9896, Time: 00:18:28

Health: -2/106     AC: 10    Str: 15    XL:     11   Next: 65%
Magic:  16/18      EV: 12    Int: 24    God:    the Shining One [**....]
Gold:   412        SH:  0    Dex: 20    Spells: 10/20 levels left

rFire   x .          .
                       - Unarmed
rCold   + + +        c - melded +1 buckler {reflect}
rNeg    + . .        (body armour unavailable)
rPois   +            e - melded +1 hat
rElec   .            j - melded +0 cloak
rCorr   .            p - melded +2 pair of gloves {Dex+3}
SInv    .            x - melded +0 pair of boots
Will    +....        g - amulet of regeneration
Stlth   +            m - +6 ring of dexterity
HPRegen 1.97/turn    l - ring of Peoqec {Will+ Str+2 Int+7}
MPRegen 0.16/turn

%: no passive effects
@: about to teleport, ice-form, glowing
A: freezing attack, amphibious, boosted hp, (breathe frost), AC +7, large,
unfitting armour, (cold resistance 1), (cold-blooded), thin skeletal structure
1, regeneration 1
a: End Transformation, Renounce Religion, Divine Shield


You were on level 11 of the Dungeon.
You worshipped the Shining One.
The Shining One was pleased with you.
You were a creature of crystalline ice.
You visited 1 branch of the dungeon, and saw 11 of its levels.

You collected 538 gold pieces.
You spent 126 gold pieces at shops.

Inventory:

Armour
 c - a +1 buckler of reflection (melded)
 e - a +1 hat (melded)
 j - a +0 cloak (melded)
 p - a +2 pair of gloves of dexterity (melded)
 x - a +0 pair of boots (melded)
Jewellery
 g - an amulet of regeneration (around neck)
 l - the ring of Peoqec (right front paw) {Will+ Str+2 Int+7}
   (You took it off a centaur on level 8 of the Dungeon)

   [ring of willpower]

   Str:       It affects your strength (+2).
   Int:       It affects your intelligence (+7).
   Will:      It increases your willpower.
 m - a +6 ring of dexterity (left front paw)
 q - the amulet of Kefuonom {Reflect rN+ SH+5}
   (You took it off a centaur warrior on level 8 of the Dungeon)

   [amulet of reflection]

   It reflects blocked missile attacks.
   rN:        It protects you from negative energy.
   SH:        It affects your SH (+5).
 r - the ring of Contentment {rPois MP+9 Str+2 Dex+8 Slay-6}
   (You found it on level 8 of the Dungeon)

   [ring of magical power]

   Str:       It affects your strength (+2).
   Dex:       It affects your dexterity (+8).
   Slay:      It affects your accuracy & damage with ranged weapons and melee
   (-6).
   rPois:     It protects you from poison.
   MP:        It affects your magic capacity (+9).
 u - an amulet of the acrobat
 y - the ring "Kiuloing" {rElec rC- Will+ Int-5 SInv}
   (You found it on level 8 of the Dungeon)

   [ring of willpower]

   Int:       It affects your intelligence (-5).
   rC:        It makes you vulnerable to cold.
   rElec:     It insulates you from electricity.
   SInv:      It lets you see invisible.
   Will:      It increases your willpower.
Wands
 k - a wand of flame (43)
 n - a wand of polymorph (4)
 s - a wand of mindburst (5)
 D - a wand of iceblast (3)
 F - a wand of acid (2)
Scrolls
 b - 3 scrolls of teleportation
 d - a scroll of fog
 f - 2 scrolls of enchant armour
 h - 2 scrolls of blinking {unknown}
 B - a scroll of enchant weapon {unknown}
 C - 4 scrolls of identify
Potions
 a - 2 potions of enlightenment
 i - 3 potions of mutation
 o - 4 potions of heal wounds
 t - 4 potions of curing
 v - 2 potions of resistance
 w - 2 potions of brilliance
 z - a potion of berserk rage
 E - a potion of lignification
Miscellaneous
 A - a phial of floods


   Skills:
 - Level 6.0 Fighting
 - Level 4.3 Dodging
 - Level 4.1 Shields
 - Level 4.1 Unarmed Combat
 - Level 5.0 Spellcasting
 - Level 5.0 Transmutations
 - Level 14.2 Ice Magic
 - Level 5.0 Poison Magic
 + Level 8.3 Invocations


You had 10 spell levels left.
You knew the following spells:

 Your Spells              Type           Power      Damage    Failure   Level
a - Beastly Appendage     Tmut           60%        N/A       1%          1
b - Wereblood             Tmut           30%        N/A       1%          2
c - Spider Form           Tmut/Pois      27%        N/A       4%          3
d - Ice Form              Ice/Tmut       49%        N/A       2%          4

Your spell library contained the following spells:

 Spells                   Type           Power      Damage    Failure   Level
 Summon Small Mammal      Summ           24%        N/A       9%          1
 Call Canine Familiar     Summ           6%         N/A       26%         3
 Summon Guardian Golem    Hex/Summ       3%         N/A       34%         3


Dungeon Overview and Level Annotations

Branches:
Dungeon (11/15)            Temple (0/1) D:7            Lair (0/5) D:9
    Orc (0/2) D:10

Altars:
Fedhas
Gozag
Kikubaaqudgha
Makhleb
Nemelex Xobeh
Okawaru
Qazlal
Vehumet
Wu Jian
Yredelemnul
Zin
The Shining One

Shops:
D:5 (   D:7 [

Annotations:
D:4 exclusion: statue


Innate Abilities, Weirdness & Mutations

You are a creature of crystalline ice.
You have a powerful freezing melee attack.
You are amphibious.
Your maximum health is increased.
Your armour is entirely melded.
You are incapable of wielding weapons or throwing items.
((You can breathe waves of freezing cold which knock back foes.))
((Your icy white scales are hard. (AC +7)))
You cannot fit into any form of body armour.
((Your flesh is cold resistant. (rC+)))
((You are cold-blooded and may be slowed by cold attacks.))
You have a somewhat thin skeletal structure. (Dex +2, Stealth+)
Your natural rate of healing is unusually fast.


Message History

You are too injured to fight recklessly!
You are too injured to fight recklessly!
You are too injured to fight recklessly!
You are too injured to fight recklessly!
You are too injured to fight recklessly!
You are too injured to fight recklessly!
Unknown command.
You hit the yak. You freeze the yak.
The yak is lightly wounded.
The troll bites you! The troll claws you! The troll claws you.
* * * LOW HITPOINT WARNING * * *
The yak gores you.
* * * LOW HITPOINT WARNING * * *
The yak gores you but does no damage. x2
As you read the scroll of teleportation, it crumbles to dust.
You feel strangely unstable. The troll misses you.
The troll claws you but does no damage. The troll claws you!
* * * LOW HITPOINT WARNING * * *
The yak misses you. The yak gores you but does no damage.
Unknown command.
You hit the yak. You freeze the yak.
The yak is lightly wounded.
The troll bites you!
* * * LOW HITPOINT WARNING * * *
The troll claws you.
* * * LOW HITPOINT WARNING * * *
The troll barely misses you. The yak gores you but does no damage.
The yak closely misses you.
You feel much better. The troll bites you!
* * * LOW HITPOINT WARNING * * *
The troll closely misses you. The troll misses you. The yak gores you.
* * * LOW HITPOINT WARNING * * *
The yak barely misses you. The yak closely misses you.
You hit the yak but do no damage.
The yak is lightly wounded.
The troll bites you.
* * * LOW HITPOINT WARNING * * *
The troll claws you but does no damage. The troll barely misses you.
The yak gores you!
You die...

# # .# .. .. ... # .#
... ###.# # .# ###..
..#.##.# .#
......##Y#....# .# #
# #.YYY.....# .# ###
..###.####T.....# )#
#...............#.###
.###.##.#..####.##.#
# ...........####.#
$# .###.........##.#
.# .###..###..#.##.#
..
........#..#.##.#####
.###................#


You could see 3 yaks and a troll.

Vanquished Creatures
  A centaur warrior (D:8)
  A hydra (D:8)
  A two-headed ogre (D:8)
  A deep elf pyromancer (D:8)
  An ugly thing (D:8)
  3 cyclopes (D:8)
  An unseen horror (D:11)
  A gargoyle (D:10)
  A komodo dragon (D:9)
  A kobold demonologist (D:10)
  A troll (D:8)
  A wyvern (D:8)
  A wraith (D:10)
  6 yaks
  5 steam dragons
  Eustachio (D:5)
  Edmund (D:4)
  2 acid dragons (D:11)
  7 water moccasins
  Duvessa (D:5)
  3 black bears
  3 ice beasts
  7 orc warriors
  2 ogres (D:7)
  2 sky beasts (D:7)
  4 centaurs
  2 phantoms
  5 bullfrogs
  A kobold brigand (D:8)
  3 gnoll sergeants (D:8)
  5 scorpions
  6 killer bees (D:9)
  8 wights
  Dowan (D:5)
  2 howler monkeys
  2 hounds
  A jelly (D:6)
  2 gnoll boudas
  3 orc priests (D:8)
  Crazy Yiuf (D:3)
  2 sleepcaps (D:6)
  Jessica (D:2)
  2 iguanas (D:5)
  Natasha (thrice) (D:3)
  10 orc wizards
  Robin (D:3)
  7 adders
  13 gnolls
  2 white imps
  A worm (D:2)
  A dart slug (D:2)
  31 orcs
  7 bats
  9 endoplasms
  3 giant cockroaches
  10 goblins
  7 hobgoblins
  3 jackals (D:5)
  14 kobolds
  3 quokkas
  8 ball pythons
  A frilled lizard (D:3)
  4 rats
244 creatures vanquished.

Notes
Turn   | Place    | Note
-------+----------+-------------------------------------------
     0 | D:1      | Maxmaps the Draconian Transmuter began the quest for the
                  | Orb.
     0 | D:1      | Reached XP level 1. HP: 16/16 MP: 3/3
   195 | D:1      | Reached XP level 2. HP: 20/23 MP: 3/5
  1101 | D:2      | Noticed Jessica
  1109 | D:2      | Killed Jessica
  1110 | D:2      | Reached XP level 3. HP: 23/28 MP: 6/6
  1113 | D:2      | Learned a level 2 spell: Wereblood
  1117 | D:2      | Learned a level 3 spell: Spider Form
  1210 | D:2      | Reached XP level 4. HP: 35/35 MP: 7/7
  1965 | D:3      | Noticed Natasha
  1973 | D:3      | Killed Natasha
  1974 | D:3      | Reached skill level 5 in Transmutations
  2030 | D:3      | Reached skill level 1 in Poison Magic
  2039 | D:3      | Reached XP level 5. HP: 19/40 MP: 8/8
  2201 | D:3      | Noticed Natasha
  2209 | D:3      | Killed Natasha
  2341 | D:3      | Noticed Robin
  2375 | D:3      | Killed Robin
  2445 | D:3      | Found an iron altar of Okawaru.
  2464 | D:3      | Found a stormy altar of Qazlal.
  2538 | D:3      | Found a runed translucent door.
  2539 | D:3      | Noticed Crazy Yiuf
  2575 | D:3      | Noticed Natasha
  2587 | D:3      | Killed Natasha
  2802 | D:3      | Found an ornate altar of the Wu Jian Council.
  2907 | D:3      | Killed Crazy Yiuf
  2908 | D:3      | Reached XP level 6. HP: 28/47 MP: 5/9
  3104 | D:4      | Found an opulent altar of Gozag.
  3109 | D:4      | Noticed a water moccasin
  3121 | D:4      | Killed a water moccasin
  3279 | D:4      | Found a radiant altar of Vehumet.
  3301 | D:4      | Reached skill level 5 in Poison Magic
  3714 | D:5      | Entered Level 5 of the Dungeon
  3714 | D:5      | Noticed Edmund
  3737 | D:4      | Killed Edmund
  3738 | D:4      | Your scales start taking on an icy white colour.
  3738 | D:4      | Reached XP level 7. HP: 37/57 MP: 5/10
  3738 | D:4      | Gained mutation: Your flesh is cold resistant. (rC+) [White
                  | Draconian growth]
  3890 | D:5      | Noticed Dowan
  3895 | D:5      | Noticed Duvessa
  3924 | D:5      | Killed Duvessa
  3931 | D:5      | Killed Dowan
  3932 | D:5      | Reached skill level 5 in Fighting
  4173 | D:5      | Reached XP level 8. HP: 19/70 MP: 8/11
  4184 | D:5      | Gained mutation: You have a somewhat thin skeletal
                  | structure. (Dex +2, Stealth+) [potion of mutation]
  4184 | D:5      | Gained mutation: Your natural rate of healing is unusually
                  | fast. [potion of mutation]
  4353 | D:5      | Found an ancient bone altar of Kikubaaqudgha.
  4619 | D:5      | Found Xeirgh's Weapon Shoppe.
  4627 | D:5      | Noticed Eustachio
  4640 | D:5      | Killed Eustachio
  4963 | D:6      | Reached skill level 5 in Spellcasting
  5461 | D:6      | Identified a scroll of acquirement
  5461 | D:6      | Acquired a +1 buckler of reflection
  5468 | D:6      | Learned a level 4 spell: Ice Form
  5482 | D:7      | Found Woenuj's Armour Shoppe.
  5493 | D:7      | Bought a +0 pair of boots for 63 gold pieces
  5493 | D:7      | Bought a +0 pair of gloves for 63 gold pieces
  5563 | D:7      | Reached skill level 1 in Shields
  5563 | D:7      | Reached XP level 9. HP: 65/75 MP: 12/16
  5802 | D:7      | Found a glowing golden altar of the Shining One.
  5807 | D:7      | Noticed an angel
  5812 | D:7      | Became a worshipper of the Shining One
  5831 | D:7      | Found a basalt altar of Yredelemnul.
  5833 | D:7      | Noticed a profane servitor
  6198 | D:7      | Found a staircase to the Ecumenical Temple.
  6209 | D:7      | Reached skill level 1 in Ice Magic
  6215 | D:7      | Reached skill level 2 in Ice Magic
  6383 | D:7      | Reached skill level 3 in Ice Magic
  6516 | D:8      | Reached skill level 4 in Ice Magic
  6844 | D:8      | Reached skill level 5 in Ice Magic
  6905 | D:8      | Reached skill level 6 in Ice Magic
  7153 | D:8      | Reached * piety under the Shining One
  7162 | D:8      | Reached skill level 7 in Ice Magic
  7268 | D:8      | Reached skill level 8 in Ice Magic
  7354 | D:8      | Reached XP level 10. HP: 83/83 MP: 17/17
  7371 | D:8      | Reached skill level 9 in Ice Magic
  7424 | D:8      | Found a runed translucent door.
  7425 | D:8      | Found a runed translucent door.
  7425 | D:8      | Noticed a deep elf pyromancer
  7445 | D:8      | Killed a deep elf pyromancer
  7912 | D:8      | Reached skill level 10 in Ice Magic
  8071 | D:8      | Noticed a two-headed ogre
  8071 | D:8      | Noticed a white ugly thing
  8081 | D:8      | Noticed a cyclops
  8082 | D:8      | Killed a two-headed ogre
  8083 | D:8      | Reached skill level 11 in Ice Magic
  8084 | D:8      | Identified the amulet of Kefuonom {Reflect rN+ SH+5}
  8084 | D:8      | Noticed a centaur warrior
  8088 | D:8      | Killed a cyclops
  8089 | D:8      | Reached skill level 12 in Ice Magic
  8089 | D:8      | Noticed a cyclops
  8091 | D:8      | Noticed a seven-headed hydra
  8094 | D:8      | Killed a centaur warrior
  8095 | D:8      | Identified the ring of Peoqec {Will+ Str+2 Int+7}
  8100 | D:8      | Killed a white ugly thing
  8101 | D:8      | Reached skill level 13 in Ice Magic
  8103 | D:8      | Killed a cyclops
  8107 | D:8      | Killed a seven-headed hydra
  8108 | D:8      | Reached XP level 11. HP: 71/89 MP: 18/18
  8138 | D:8      | Identified the ring of Contentment {rPois MP+9 Str+2 Dex+8
                  | Slay-6}
  8156 | D:8      | Reached skill level 14 in Ice Magic
  8174 | D:8      | Identified the ring "Kiuloing" {rElec rC- Will+ Int-5 SInv}
  8381 | D:9      | Reached skill level 1 in Invocations
  8597 | D:9      | Found a staircase to the Lair.
  8664 | D:9      | Reached ** piety under the Shining One
  8846 | D:9      | Found a burning altar of Makhleb.
  8937 | D:9      | Reached skill level 5 in Invocations
  9144 | D:10     | Entered Level 10 of the Dungeon
  9144 | D:10     | Found a glowing silver altar of Zin.
  9471 | D:10     | Found a staircase to the Orcish Mines.
  9495 | D:10     | Found a sparkling altar of Nemelex Xobeh.
  9585 | D:10     | Found a blossoming altar of Fedhas.
  9896 | D:11     | Slain by a yak

Illustrated notes

Levels and vault maps discovered:
D:1:      mushboom_english_gardens, layout_loops_ring, minivault_23
D:2:      layout_basic, kennysheep_generic_room_6, uniq_jessica
D:3:      layout_basic, mainiacjoe_overflow_alcove_2,
          mainiacjoe_overflow_catwalk_spiral, uniq_crazy_yiuf_cottage,
          uniq_natasha, uniq_robin
D:4:      layout_basic, mainiacjoe_overflow_chevrons, vehumet_statue,
          hangedman_abyss_or_decor_jellyfish_corner, roderic_roman_lattice
D:5:      layout_layer_cave, kennysheep_little_box, serial_shops,
          nicolae_shop_tiny_real_fake_doors, st_stairs_11, uniq_eustachio,
          uniq_duvessa, uniq_edmund
D:6:      nicolae_cairo_tiling_large_dashed, layout_gridville
D:7:      layout_basic, grunt_temple_overflow_holy_war,
          minmay_temple_entry_wispy, serial_shops, shop_statue,
          kennysheep_diamond
D:8:      minmay_the_grid_triangle_9x9_rhombus_full
          [minmay_the_grid_triangle_9x9_alien,
          minmay_the_grid_triangle_9x9_checkered,
          minmay_the_grid_triangle_9x9_empty,
          minmay_the_grid_triangle_9x9_flanged_cone,
          minmay_the_grid_triangle_9x9_tough_junction,
          minmay_the_grid_triangle_9x9_from_above,
          minmay_the_grid_triangle_9x9_pentomino_pain,
          minmay_the_grid_triangle_9x9_prize_special], layout_loops_corners
D:9:      layout_irregular_city, mainiacjoe_overflow_cross_hatched,
          due_lair_maze_entry_diamond
D:10:     layout_rooms, fedhas_altar_4, old_standard_altar,
          mainiacjoe_overflow_boulevard, st_stairs_9, minivault_19
D:11:     layout_loops_cross, zin_angel

Skill      XL: |  1  2  3  4  5  6  7  8  9 10 11 |
---------------+----------------------------------+-----
Transmutations | 4 5 |  5.0
Poison Magic   | 1 3 5 |  5.0
Fighting       | 3 6 |  6.0
Dodging        | 3 4 |  4.3
Spellcasting   | 5 |  5.0
Unarmed Combat | 4 |  4.1
Shields        | 1 4 |  4.1
Ice Magic      | 8 13 14 | 14.2
Invocations    | 8 |  8.3

Action                     |  1- 3 |  4- 6 |  7- 9 | 10-12 || total
---------------------------+-------+-------+-------+-------++-------
  Melee: Unarmed           |   111 |   156 |   428 |   275 ||   970
         Kick              |     9 |     9 |       |       ||    18
         Headbutt          |     4 |     4 |       |       ||     8
         Tailslap          |    11 |     5 |    10 |       ||    26
         Punch             |     4 |       |     4 |       ||     8
   Cast: Beastly Appendage |     8 |    13 |     1 |       ||    22
         Spider Form       |       |    19 |    44 |       ||    63
         Ice Form          |       |       |     1 |    19 ||    20
Ability: Breathe Frost     |       |       |     2 |       ||     2
    Use: Potion            |       |     3 |     1 |     3 ||     7
         Scroll            |       |       |    14 |     1 ||    15
   Stab: Sleeping          |       |       |     1 |       ||     1
 Armour: Skin              |    37 |    27 |    46 |   108 ||   218
  Dodge: Dodged            |    70 |   117 |   399 |   198 ||   784
  Block: Buckler           |       |       |     6 |     6 ||    12

Table legend: (Time is in decaauts)
 A = Elapsed time spent in this place.
 B = Non-inter-level travel time spent in this place.
 C = Inter-level travel time spent in this place.
 D = Time resting spent in this place.
 E = Time spent auto-exploring this place.
 F = Levels seen in this place.
 G = Mean time per level.
                   A        B        C        D        E       F      G
               +--------+--------+--------+--------+--------+-----+--------+
         Total |   9866 |   9467 |    399 |    737 |   6704 |  11 |  896.9 |
       Dungeon |   9866 |   9467 |    399 |    737 |   6704 |  11 |  896.9 |
               +--------+--------+--------+--------+--------+-----+--------+

Top non-repeatable levels by time:
     D:8: 1899 daAuts
     D:3: 1083 daAuts
     D:7: 1010 daAuts
     D:2: 1008 daAuts
     D:5: 992 daAuts
     D:1: 889 daAuts
     D:4: 813 daAuts
     D:9: 733 daAuts
     D:6: 691 daAuts
    D:10: 597 daAuts
    D:11: 146 daAuts
